 Dungeon Crawl Stone Soup version 0.20.1-1-g8b1a95d (webtiles) character file.

317458 JeffiDaFish the Earth Mage (level 21, -12/124 HPs)
             Began as a Gargoyle Earth Elementalist on Feb 15, 2018.
             Was the Champion of Vehumet.
             Mangled by a small abomination (24 damage)
             ... created by a deep elf death mage
             ... led by an ironheart preserver
             ... on level 13 of the Dungeon.
             The game lasted 04:21:21 (47002 turns).

JeffiDaFish the Earth Mage (GrEE)                  Turns: 47002, Time: 04:21:21

Health: -12/124    AC: 31    Str: 15    XL:     21   Next: 79%
Magic:  4/40       EV: 18    Int: 29    God:    Vehumet [******]
Gold:   2124       SH: 12    Dex: 15    Spells: 10/51 levels left

rFire    + + .     SeeInvis .   y - +8 hand axe of Recklessness {chop, +Inv}
rCold    + . .     Gourm    .   G - +3 buckler of Claustrophobia {rElec Slay+2}
rNeg     + . .     Faith    .   A - +2 leather armour "Mibbem" {rPois rF+ Stlth+}
rPois    ∞         Spirit   .   N - +2 helmet of the Wasteland {rC+ Regen+ Int+3}
rElec    +         Reflect  .   k - +2 cloak {MR+}
rCorr    +         Harm     .   z - +0 pair of gloves of Misanthropy {Dex+5}
MR       ++...                  U - +0 pair of boots "Runoacyps" {*Drain +Inv rCorr Stlth+}
Stlth    ++++......             M - amulet of regeneration
Regen    1.1/turn               B - ring of protection from fire
MPRegen  0.3/turn               S - +3 ring of intelligence

@: flying
A: big wings, large bone plates 1, negative energy resistance 1, electricity
resistance, unbreathing, petrification resistance, rot immunity, AC +15
}: 1/15 runes: decaying
a: Stop Flying, Renounce Religion, Evoke Invisibility


You were on level 13 of the Dungeon.
You worshipped Vehumet.
Vehumet was exalted by your worship.
You were hungry.

You visited 9 branches of the dungeon, and saw 36 of its levels.
You visited 1 bazaar.
You also visited: Labyrinth, Sewer, Ice Cave and Volcano.

You collected 4122 gold pieces.
You spent 1998 gold pieces at shops.

Inventory:

Hand Weapons
 n - the +5 bardiche of Waijuisy {holy, rPois Dex+3 SInv Stlth-}
   (You found it on level 6 of the Lair of Beasts)

   It has been blessed by the Shining One to cause great damage to the undead
   and demons.
   It affects your dexterity (+3).
   It protects you from poison.
   It lets you see invisible.
   It makes you less stealthy.
 y - the +8 hand axe of Recklessness (weapon) {chop, +Inv}
   (You found it on level 6 of the Dungeon)

   It inflicts extra damage upon your enemies.
   It lets you turn invisible.
 F - the +8 autumn katana {slice, Clar}
   (You took it off a vampire mage on level 2 of the Depths)

   It inflicts extra damage upon your enemies.
   It protects you against confusion.
Missiles
 b - 388 stones (quivered)
Armour
 i - a +0 pair of gloves of strength
 k - a +2 cloak of magic resistance (worn)
 z - the +0 pair of gloves of Misanthropy (worn) {Dex+5}
   (You bought it in a shop in a bazaar)

   It affects your dexterity (+5).
 A - the +2 leather armour "Mibbem" (worn) {rPois rF+ Stlth+}
   (You found it on level 11 of the Dungeon)

   It protects you from fire.
   It protects you from poison.
   It makes you more stealthy.
 G - the +3 buckler of Claustrophobia (worn) {rElec Slay+2}
   (You found it on level 3 of the Depths)

   It affects your accuracy and damage with ranged weapons and melee attacks
   (+2).
   It insulates you from electricity.
 N - the +2 helmet of the Wasteland (worn) {rC+ Regen+ Int+3}
   (You found it on level 2 of the Depths)

   It affects your intelligence (+3).
   It protects you from cold.
   It increases your rate of regeneration.
 U - the +0 pair of boots "Runoacyps" (worn) {*Drain +Inv rCorr Stlth+}
   (You found it in a labyrinth)

   It lets you turn invisible.
   It protects you from acid and corrosion.
   It causes draining when unequipped.
   It makes you more stealthy.
Magical Staves
 u - an uncursed staff of conjuration
Jewellery
 B - a ring of protection from fire (left hand)
 M - an amulet of regeneration (around neck)
 R - the amulet of Starshine {RegenMP rElec rPois MR- Str+8}
   (You found it on level 2 of the Depths)

   [amulet of magic regeneration]

   It increases your magic regeneration.
   It affects your strength (+8).
   It insulates you from electricity.
   It protects you from poison.
   It affects your resistance to hostile enchantments.
 S - a +3 ring of intelligence (right hand)
 T - an uncursed ring of protection from cold
 Z - the amulet "Qaytypny" {Faith *Slow MR+ Int+5 SInv}
   (You took it off a deep elf demonologist on level 3 of the Elven Halls)

   [amulet of faith]

   It allows you to gain divine favour quickly.
   It affects your intelligence (+5).
   It affects your resistance to hostile enchantments.
   It lets you see invisible.
   It may slow you when you take damage.
Wands
 V - a wand of iceblast (8/15)
Scrolls
 c - 11 scrolls of fog
 f - 3 scrolls of magic mapping
 r - 21 scrolls of remove curse
 C - 6 scrolls of identify
 Q - a scroll of fear
Potions
 g - 6 potions of agility
 j - a potion of invisibility
 o - 2 potions of brilliance
 s - 5 potions of cancellation
 x - a potion of ambrosia
 E - 6 potions of resistance
 I - 2 potions of might
 K - 3 potions of haste
Books
 t - a book of the Tempests

   Spells                             Type                      Level
   a - Static Discharge               Conjuration/Air              3
   b - Lightning Bolt                 Conjuration/Air              5
   c - Ignition                       Fire                         8
   d - Tornado                        Air                          9
   e - Shatter                        Earth                        9
 v - a book of Enchantments

   Spells                             Type                      Level
   a - Cause Fear                     Hexes                        4
   b - Yara's Violent Unravelling     Hexes/Transmutation          5
   c - Silence                        Hexes/Air                    5
   d - Deflect Missiles               Charms/Air                   6
   e - Discord                        Hexes                        8
 O - the Papyrus of Confrontation
   (You found it in a labyrinth)

   Spells                             Type                      Level
   a - Force Lance                    Conjuration/Translocation    4
   b - Bolt of Draining               Conjuration/Necromancy       5
   c - Iskenderun's Battlesphere      Conjuration/Charms           5
   d - Bolt of Fire                   Conjuration/Fire             6
Comestibles
 a - 34 fruits
 d - 20 bread rations
 h - 13 chunks of flesh
 p - 19 meat rations
 q - 14 royal jellies


   Skills:
 + Level 10.9 Fighting
 - Level 10.2 Axes
 - Level 0.1(6.3) Polearms
 - Level 10.3 Armour
 * Level 9.4 Dodging
 - Level 2.1 Stealth
 - Level 5.3 Shields
 + Level 15.8 Spellcasting
 + Level 15.6 Conjurations
   Level 5.5 Charms
   Level 2.2 Necromancy
   Level 0.7 Transmutations
 + Level 12.4 Fire Magic
 - Level 10.1 Ice Magic
 + Level 17.8 Earth Magic
 - Level 5.0 Poison Magic
 - Level 5.4 Evocations


You had 10 spell levels left.
You knew the following spells:

 Your Spells              Type           Power        Failure   Level  Hunger
a - Sandblast             Erth           ######       0%          1    None
b - Stone Arrow           Conj/Erth      ######       0%          3    None
c - Lee's Rapid Deconstr  Erth           #######...   1%          5    None
d - Mephitic Cloud        Conj/Pois/Air  ######..     1%          3    None
f - Shatter               Erth           #######...   28%         9    #######
g - Bolt of Magma         Conj/Fire/Erth #######...   1%          5    None
h - Freezing Cloud        Conj/Ice/Air   ######....   3%          6    ###....
i - Iron Shot             Conj/Erth      #######...   1%          6    ###....
j - Inner Flame           Hex/Fire       ######..     1%          3    None


Dungeon Overview and Level Annotations

Branches:
Dungeon (15/15)            Temple (1/1) D:7            Lair (6/6) D:11
  Swamp (4/4) Lair:4       Spider (1/4) Lair:3        Slime (0/5) Lair:5
    Orc (2/2) D:10            Elf (3/3) Orc:2        Vaults (1/5) D:13
 Depths (3/5) D:15

Altars:
Ashenzari
Elyvilon
Fedhas
Gozag
Hepliaklqana
Kikubaaqudgha
Makhleb
Nemelex Xobeh
Qazlal
Ru
Sif Muna
Trog
Uskayaw
Vehumet
Xom
Yredelemnul
Zin
The Shining One
Beogh
Jiyva

Shops:
D:7 *   D:9 (   D:13 ?   Orc:2 *![(   Depths:2 [

Portals:
Hell: Depths:1 Depths:2
Abyss: Depths:2
Pandemonium: Depths:2 Depths:3
Ziggurat: Depths:2
Trove: D:14 (give 20 potions of curing)

Annotations:
Lair:5 exclusion: oklob plant
Spider:1 filthincarnate's ghost, adept MfGl


Innate Abilities, Weirdness & Mutations

You are resistant to torment.
Your stone body is resilient. (AC +15)
You are immune to poison.
Your large and strong wings let you fly indefinitely.
You resist negative energy. (rN+)
You are resistant to electric shocks. (rElec)
You can survive without breathing.
You are immune to petrification.
You are immune to rotting.
You are partially covered in large bone plates. (SH +4)


Message History

Casting: Sandblast
Confirm with . or Enter, or press ? or * to list all spells.
Aiming: Sandblast
Press: ? - help, Shift-Dir - straight line, f/p - small abomination
Aim: a small abomination (almost destroyed, unusually strong)
The blast of sand hits the small abomination.
The small abomination is almost destroyed.
b - 389 stones The small abomination hits you.
* * * LOW HITPOINT WARNING * * *
Casting: Sandblast
Confirm with . or Enter, or press ? or * to list all spells.
Aiming: Sandblast
Press: ? - help, Shift-Dir - straight line, f/p - small abomination
Aim: a small abomination (almost destroyed, unusually strong)
The blast of sand hits the small abomination.
The small abomination is almost destroyed.
b - 388 stones The small abomination hits you!!
You die...

.......#........##.# #.#
#.# .......#.......∩##.#
#.# #.#
..(....#........##.####.#
#.#
.##(.).#................#
#.#
.##.(..#.....########.###
#.#
###.().#.....#..[...#.#
#.#
.....).......#......#.#
#.#
.............#.####.#.#
#.#
...........#.#(#@)#.#.#
#.#
.............()#x.#.#.#
#.#
.............(.#:.#.#.#
#.#
...............#'##.#.#
#.#
...........#.#(#....#.###
#.#
...........#.#(######.<.#
#.#
...........#......)...#.#
#.#
...........#'#'######(..#
#.# ..................#
###.# #.#


You could see a small abomination.

Vanquished Creatures
  Saint Roka (Elf:2)
  Nikola (Swamp:3)
  A hellephant (Depths:1)
  A deep elf blademaster (Elf:2)
  Frances (Elf:1)
  A thorn hunter (Swamp:4)
  2 tengu reavers
  The ghost of filthincarnate the Impaler, an adept MfHu of Okawaru (Swamp:4)
  3 fire giants
  7 deep elf sorcerers
  A frost giant (Depths:3)
  Aizul (Elf:3)
  4 vault wardens (Vaults:1)
  A spriggan defender (Depths:1)
  A caustic shrike zombie (Depths:2)
  An ironheart preserver (Vaults:1)
  6 deep elf elementalists
  6 stone giants
  2 vampire knights
  5 very ugly things
  6 deep elf demonologists (Elf:3)
  2 green draconians (Swamp:3)
  9 dire elephants
  7 deep elf annihilators
  Nessos (Orc:2)
  5 ettins
  A merfolk impaler (Depths:2)
  7 deep elf death magi (Elf:3)
  A mummy priest (Depths:2)
  11 fire dragons
  A minotaur (Lab)
  4 yaktaur captains
  3 deep elf high priests
  Harold (Lair:4)
  2 great orbs of eyes (Depths:2)
  5 ice dragons
  18 hydras
  9 rakshasas
  32 two-headed ogres
  10 centaur warriors
  6 ogre magi
  6 catoblepae
  2 deep troll shamans (Depths:2)
  5 alligators
  23 dancing weapons
  3 vampire magi (Depths:2)
  2 deep troll earth magi (Depths:3)
  7 tengu warriors
  A shock serpent (shapeshifter) (Depths:2)
  6 death yaks (Lair:6)
  2 orc high priests (Depths:2)
  5 hell knights (Depths:2)
  18 deep elf knights
  5 skeletal warriors (D:15)
  2 fire crabs (Swamp:4)
  An iron troll (D:13)
  4 unseen horrors
  10 deep trolls
  2 spriggan druids
  A glowing orange brain (Depths:3)
  An infernal demonspawn (Depths:3)
  14 deep elf archers
  11 wizards
  11 swamp dragons
  2 ironbrand convokers
  3 shambling mangroves
  73 deep elf magi
  4 orc knights
  4 wolf spiders
  4 orb spiders (Spider:1)
  5 necromancers
  An orc sorcerer (D:13)
  A frost giant zombie (Depths:2)
  4 salamanders
  4 manticores
  30 ugly things
  6 cyclopes
  6 elephants
  A centaur zombie (D:15)
  4 black mambas
  5 ice statues (IceCv)
  A vault sentinel (Vaults:1)
  2 rust devils (Depths:3)
  A molten gargoyle (Swamp:4)
  21 spiny frogs
  26 yaktaurs
  2 gargoyles
  3 centaur skeletons
  2 freezing wraiths (Elf:2)
  A rime drake (Lair:6)
  2 kobold demonologists (Depths:2)
  A demonic crawler (Spider:1)
  A spriggan zombie (Depths:1)
  2 anaconda simulacra (IceCv)
  3 efreet (Depths:3)
  3 komodo dragons
  A hellion (Depths:3)
  A yaktaur skeleton (Depths:1)
  A troll (shapeshifter) (Depths:2)
  An ice devil (Depths:3)
  3 tengu conjurers (Depths:1)
  19 hornets
  6 tyrant leeches
  A queen bee (shapeshifter) (Depths:3)
  A snapping turtle (shapeshifter) (Depths:2)
  2 jumping spiders (Spider:1)
  11 trolls
  A meliai zombie (D:14)
  7 bog bodies
  19 slime creatures
  29 blink frogs
  Grinder (D:6)
  8 dream sheep
  A raiju (shapeshifter) (Depths:2)
  Prince Ribbit (D:5)
  12 hippogriffs
  A stone giant simulacrum (Depths:1)
  2 spriggan skeletons
  16 redbacks (Spider:1)
  5 air elementals
  2 dire elephant simulacra (IceCv)
  4 tarantellas (Spider:1)
  2 wyverns (Volcano)
  A vampire (D:13)
  13 spriggans
  4 large abominations (Depths:2)
  Sigmund (D:6)
  4 shadows
  52 yaks
  A wraith (D:10)
  5 basilisks
  A human (D:7)
  2 steam dragons
  2 water elementals (Depths:2)
  6 fire elementals
  7 fire bats (Volcano)
  3 chaos spawn (Depths:2)
  4 hogs (D:7)
  3 hungry ghosts
  14 insubstantial wisps
  20 vampire mosquitoes
  2 wargs (Orc:2)
  A soldier ant (D:12)
  12 water moccasins
  Edmund (D:6)
  Menkaure (D:6)
  3 acid dragons
  23 swamp worms
  An iron troll simulacrum (IceCv)
  A harpy simulacrum (IceCv)
  A water moccasin (shapeshifter) (Depths:2)
  16 orc warriors
  16 porcupines
  A human skeleton (Depths:1)
  2 hydra simulacra (IceCv)
  14 swamp drakes
  2 hornet zombies
  4 ettin simulacra
  7 ice beasts
  3 black bears
  A black bear (shapeshifter) (D:13)
  3 eyes of draining
  An eye of draining (shapeshifter) (D:14)
  6 boggarts
  4 sky beasts
  2 necrophages
  An ogre (shapeshifter) (D:13)
  3 phantoms
  33 ogres
  16 wolves
  15 centaurs
  A centaur (shapeshifter) (D:15)
  25 crocodiles
  3 big kobolds
  19 bullfrogs
  Blork the orc (D:4)
  3 earth elementals (Elf:1)
  A wyvern zombie (D:14)
  A wyvern skeleton (D:15)
  6 scorpions
  8 small abominations (Depths:2)
  9 killer bees
  12 wights
  4 electric eels
  A howler monkey (D:10)
  5 crimson imps
  A bullfrog zombie (D:5)
  An iron imp (Depths:1)
  3 hounds
  4 jellies
  15 orc priests
  Crazy Yiuf (D:2)
  4 bullfrog skeletons
  A gnoll shaman (D:9)
  Jessica (D:2)
  6 iguanas
  5 worker ants
  Ijyb (D:3)
  22 orc wizards
  8 hell rats (Lair:3)
  A killer bee zombie (D:8)
  2 hound skeletons
  2 worker ant zombies
  7 gnolls
  16 river rats (Lair:3)
  7 adders
  3 shadow imps
  An ooze (D:3)
  An adder zombie (D:7)
  3 adder skeletons
  7 worms
  2 dart slugs
  16 leopard geckos
  68 orcs
  A ball python (D:3)
  4 bats
  8 giant cockroaches
  9 goblins
  5 hobgoblins
  14 jackals
  26 kobolds
  11 quokkas
  A ball python skeleton (D:5)
  5 frilled lizards
  A jackal skeleton (D:4)
  A quokka zombie (D:8)
  15 rats
  2 briar patches (Swamp:4)
  4 crawling corpses
  4 fungi
  A plant (Volcano)
1475 creatures vanquished.

Vanquished Creatures (collateral kills)
  A hornet (Swamp:4)
  A redback (Spider:1)
  A killer bee (D:10)
3 creatures vanquished.

Vanquished Creatures (others)
  2 stone giants
  An alligator (Swamp:1)
  A vampire mage (Depths:2)
  2 deep elf knights (Elf:2)
  3 swamp dragons (Swamp:4)
  A lindwurm (Swamp:4)
  2 deep elf archers
  A cyclops (D:11)
  2 yaktaurs
  A tengu conjurer (Depths:1)
  A hornet (Swamp:2)
  An air elemental (Elf:2)
  A spriggan (Swamp:2)
  A yak (D:9)
  A steam dragon (Swamp:4)
  3 wyverns (Volcano)
  A vampire mosquito (Swamp:4)
  An orc warrior (D:15)
  5 swamp drakes (Swamp:4)
  A kobold (D:9)
  A bush (Lair:4)
  95 fungi
  94 plants
222 creatures vanquished.

Grand Total: 1700 creatures vanquished

Notes
Turn   | Place    | Note
-------+----------+-------------------------------------------
     0 | D:1      | JeffiDaFish the Gargoyle Earth Elementalist began the quest for the Orb.
     0 | D:1      | Reached XP level 1. HP: 10/10 MP: 3/3
    58 | D:1      | Reached XP level 2. HP: 13/15 MP: 0/5
   219 | D:1      | Reached skill level 4 in Earth Magic
   432 | D:1      | Gained mutation: You are weak. (Str -2) [potion of mutation]
   432 | D:1      | Gained mutation: Your spells are a little easier to cast, but a little less powerful. [potion of mutation]
   432 | D:1      | Gained mutation: You do not regenerate when monsters are visible. [potion of mutation]
   432 | D:1      | Gained mutation: You passively map a small area around you. [potion of mutation]
   840 | D:1      | Reached XP level 3. HP: 19/19 MP: 6/6
   846 | D:1      | Learned a level 3 spell: Stone Arrow
  1195 | D:2      | Found a runed door.
  1199 | D:2      | Noticed Crazy Yiuf
  1201 | D:2      | Killed Crazy Yiuf
  1201 | D:2      | Reached XP level 4. HP: 24/24 MP: 3/8
  1502 | D:2      | Noticed Jessica
  1518 | D:2      | Killed Jessica
  1518 | D:2      | Reached skill level 5 in Earth Magic
  1689 | D:2      | Reached XP level 5. HP: 23/28 MP: 10/10
  1701 | D:2      | Lost mutation: You are weak. (Str -2) [potion of mutation]
  1701 | D:2      | Lost mutation: You passively map a small area around you. [potion of mutation]
  1701 | D:2      | Lost mutation: Your spells are a little easier to cast, but a little less powerful. [potion of mutation]
  1701 | D:2      | Lost mutation: You do not regenerate when monsters are visible. [potion of mutation]
  1701 | D:2      | Gained mutation: You are partially covered in large bone plates. (SH +4) [potion of mutation]
  1701 | D:2      | Gained mutation: Your spells are a little easier to cast, but a little less powerful. [potion of mutation]
  1701 | D:2      | Lost mutation: Your spells are a little easier to cast, but a little less powerful. [potion of mutation]
  2085 | D:3      | Learned a level 5 spell: Lee's Rapid Deconstruction
  2098 | D:3      | Found a stormy altar of Qazlal.
  2440 | D:3      | Noticed Ijyb
  2445 | D:3      | Killed Ijyb
  2445 | D:3      | Reached skill level 6 in Earth Magic
  2445 | D:3      | Reached XP level 6. HP: 32/32 MP: 2/12
  3509 | D:3      | Reached skill level 5 in Spellcasting
  3667 | D:4      | Reached XP level 7. HP: 36/36 MP: 4/14
  3751 | D:4      | Reached skill level 7 in Earth Magic
  4079 | D:4      | Noticed Blork the orc
  4084 | D:4      | Killed Blork the orc
  4881 | D:5      | Entered Level 5 of the Dungeon
  4883 | D:5      | Reached skill level 8 in Earth Magic
  4892 | D:4      | Reached XP level 8. HP: 38/41 MP: 12/17
  5063 | D:5      | Found a glowing drain.
  5086 | Sewer    | Entered a sewer
  5434 | D:5      | Reached skill level 1 in Fighting
  5944 | D:6      | Noticed Prince Ribbit
  5951 | D:5      | Killed Prince Ribbit
  5951 | D:5      | Reached skill level 9 in Earth Magic
  6057 | D:6      | Noticed Grinder
  6062 | D:6      | Killed Grinder
  6062 | D:6      | Reached XP level 9. HP: 45/51 MP: 7/19
  6137 | D:6      | Noticed Menkaure
  6140 | D:6      | Killed Menkaure
  6170 | D:6      | Noticed Edmund
  6182 | D:6      | Killed Edmund
  6282 | D:6      | Noticed Sigmund
  6311 | D:6      | Killed Sigmund
  6723 | D:6      | Reached skill level 10 in Earth Magic
  6740 | D:6      | Got a bloodstained hand axe
  6753 | D:6      | Identified the +8 hand axe of Recklessness {chop, +Inv} (You found it on level 6 of the Dungeon)
  6763 | D:7      | Got a wavering copper amulet
  6879 | D:7      | Found a staircase to the Ecumenical Temple.
  6915 | Temple   | Entered the Ecumenical Temple
  6919 | Temple   | Became a worshipper of Vehumet
  7081 | D:7      | Reached skill level 5 in Fighting
  7093 | D:7      | Reached XP level 10. HP: 41/59 MP: 10/22
  7136 | D:6      | Identified the amulet "Micofuho" {Inacc rC+ Str+2} (You found it on level 7 of the Dungeon)
  7279 | D:7      | Found a glowing silver altar of Zin.
  7285 | D:7      | Found a basalt altar of Yredelemnul.
  7285 | D:7      | Found a sacrificial altar of Ru.
  7330 | D:7      | Found Anisoa's Assorted Antiques.
  7333 | D:7      | Bought a scroll of remove curse for 48 gold pieces
  7333 | D:7      | Bought a glowing metal-bound book for 240 gold pieces
  7337 | D:7      | Learned a level 3 spell: Mephitic Cloud
  7450 | D:7      | Reached skill level 1 in Conjurations
  7747 | D:8      | Learned a level 3 spell: Regeneration
  7767 | D:8      | Reached skill level 11 in Earth Magic
  7767 | D:8      | Reached XP level 11. HP: 64/64 MP: 22/24
  8036 | D:8      | Found a shattered altar of Ashenzari.
  8036 | D:8      | Found a glowing golden altar of the Shining One.
  8095 | D:8      | You fall through a shaft for 3 floors!
  8154 | D:11     | Killed an unseen horror
  8319 | D:11     | Found a staircase to the Lair.
  8365 | D:11     | Got a polished leather armour
  8376 | D:11     | Identified the +2 leather armour "Mibbem" {rPois rF+ Stlth+} (You found it on level 11 of the Dungeon)
  8682 | Lair:1   | Entered Level 1 of the Lair of Beasts
  8708 | Lair:1   | Reached * piety under Vehumet
  8708 | Lair:1   | Offered knowledge of Flame Tongue by Vehumet.
  8708 | Lair:1   | Reached skill level 1 in Armour
  8708 | Lair:1   | Reached skill level 1 in Poison Magic
  8718 | Lair:1   | Reached skill level 1 in Axes
  8736 | Lair:1   | Reached skill level 12 in Earth Magic
  9236 | Lair:1   | Reached skill level 10 in Spellcasting
  9559 | Lair:1   | Reached XP level 12. HP: 30/69 MP: 0/26
 10276 | Lair:2   | Reached skill level 5 in Armour
 10672 | Lair:2   | Noticed a seven-headed hydra
 10680 | Lair:2   | Killed a seven-headed hydra
 10836 | Lair:2   | Reached ** piety under Vehumet
 10908 | Lair:2   | Offered knowledge of Searing Ray by Vehumet.
 11329 | Lair:3   | Noticed a seven-headed hydra
 11334 | Lair:3   | Killed a seven-headed hydra
 11569 | Lair:3   | Found a hole to the Spider Nest.
 11812 | Lair:3   | Reached skill level 1 in Necromancy
 11952 | Lair:3   | Offered knowledge of Static Discharge by Vehumet.
 11999 | Lair:3   | Reached *** piety under Vehumet
 12310 | Lair:3   | Reached skill level 5 in Poison Magic
 12400 | Lair:4   | Noticed an eight-headed hydra
 12404 | Lair:4   | Killed an eight-headed hydra
 12404 | Lair:4   | Reached skill level 13 in Earth Magic
 12433 | Lair:4   | Reached XP level 13. HP: 74/74 MP: 21/27
 12559 | Lair:4   | Offered knowledge of Sticky Flame by Vehumet.
 12569 | Lair:4   | Learned a level 4 spell: Sticky Flame
 12594 | Lair:4   | Reached skill level 5 in Axes
 12733 | Lair:4   | Noticed Harold
 12963 | Lair:4   | You fall through a shaft for 2 floors!
 12963 | Lair:6   | Entered Level 6 of the Lair of Beasts
 13176 | Lair:6   | Found a dark tunnel.
 13258 | Lair:6   | Reached skill level 1 in Charms
 13277 | Lair:6   | Reached **** piety under Vehumet
 13301 | Lair:6   | Offered knowledge of Bolt of Magma by Vehumet.
 13312 | Lair:6   | Learned a level 5 spell: Bolt of Magma
 13427 | Volcano  | Entered a volcano
 13464 | Volcano  | Reached skill level 1 in Fire Magic
 14077 | Volcano  | Noticed a fire dragon
 14114 | Volcano  | Killed a fire dragon
 14843 | Lair:6   | Reached ***** piety under Vehumet
 14843 | Lair:6   | Offered knowledge of Iskenderun's Mystic Blast by Vehumet.
 15210 | Lair:5   | Found a labyrinth entrance.
 15225 | Lab      | Entered a labyrinth
 15811 | Lab      | Noticed a minotaur
 15817 | Lab      | Killed a minotaur
 15817 | Lab      | Gained mutation: Your large and strong wings let you fly indefinitely. [Gargoyle growth]
 15817 | Lab      | Reached XP level 14. HP: 80/80 MP: 19/29
 15823 | Lab      | Identified the Papyrus of Confrontation
 15825 | Lab      | Got a crude hand axe
 15825 | Lab      | Got a pair of faintly humming boots
 15836 | Lab      | Identified the +0 pair of boots "Runoacyps" {*Drain +Inv rCorr Stlth+} (You found it in a labyrinth)
 15850 | Lair:5   | Identified the +4 hand axe "Ciatytil" {antimagic, +Inv Str+4} (You found it in a labyrinth)
 16122 | Lair:5   | Found a staircase to the Slime Pits.
 16123 | Lair:5   | Found a viscous altar of Jiyva.
 16950 | Lair:4   | Found a staircase to the Swamp.
 16993 | Lair:4   | Killed Harold
 16993 | Lair:4   | Reached skill level 5 in Charms
 17774 | Lair:6   | Got an ichor-stained bardiche
 17775 | Lair:6   | Identified the +5 bardiche of Waijuisy {holy, rPois Dex+3 SInv Stlth-} (You found it on level 6 of the Lair of Beasts)
 18197 | Lair:6   | Reached skill level 1 in Evocations
 18297 | Lair:6   | Got a scorched ruby amulet
 18302 | Lair:6   | Identified the amulet "Openki" {+Inv rPois rN+++ Regen+ Str-5} (You found it on level 6 of the Lair of Beasts)
 19187 | D:12     | Offered knowledge of Freezing Cloud by Vehumet.
 19520 | D:13     | Reached skill level 10 in Conjurations
 19538 | D:13     | Reached skill level 5 in Fire Magic
 19908 | D:13     | Reached XP level 15. HP: 88/88 MP: 14/31
 20037 | D:13     | Reached skill level 14 in Earth Magic
 20235 | D:13     | Learned a level 6 spell: Freezing Cloud
 20538 | D:13     | Found Usmy's Magic Scroll Emporium.
 20546 | D:13     | Bought a scroll of teleportation for 45 gold pieces
 20546 | D:13     | Bought a scroll of teleportation for 45 gold pieces
 20546 | D:13     | Bought a scroll of identify for 30 gold pieces
 20546 | D:13     | Bought a scroll of identify for 30 gold pieces
 20546 | D:13     | Bought a scroll of amnesia for 52 gold pieces
 20567 | D:13     | Found a gate to the Vaults.
 21204 | D:13     | Identified a scroll of acquirement
 21836 | D:14     | Identified the cursed +0 robe "Zeeteump" {+Inv Str-4 Dex+2} (You found it on level 14 of the Dungeon)
 22232 | D:14     | Found a portal to a secret trove of treasure.
 22649 | D:15     | Entered Level 15 of the Dungeon
 22652 | D:15     | Offered knowledge of Iron Shot by Vehumet.
 22673 | D:14     | Learned a level 6 spell: Iron Shot
 23195 | D:15     | Reached skill level 1 in Shields
 23337 | D:15     | Reached XP level 16. HP: 52/94 MP: 6/32
 24092 | D:15     | Found a staircase to the Depths.
 24195 | D:15     | Found a basalt altar of Yredelemnul.
 24499 | D:10     | Entered Level 10 of the Dungeon
 24563 | D:10     | Found a staircase to the Orcish Mines.
 25186 | D:9      | Offered knowledge of Fireball by Vehumet.
 25364 | D:9      | Found Vopnutu's Weapon Shop.
 26008 | Orc:1    | Entered Level 1 of the Orcish Mines
 26221 | Orc:2    | Entered Level 2 of the Orcish Mines
 26228 | Orc:2    | Found a staircase to the Elven Halls.
 26303 | Orc:2    | Noticed Nessos
 26308 | Orc:2    | Killed Nessos
 26370 | Orc:2    | Found a roughly hewn altar of Beogh.
 26402 | Orc:2    | Found Neburov's Armour Shop.
 26403 | Orc:2    | Found Corraacw's Assorted Antiques.
 26442 | Orc:2    | Offered knowledge of Bolt of Cold by Vehumet.
 26443 | Orc:2    | Reached skill level 5 in Shields
 26599 | Orc:2    | Found Koen's Antique Weapon Emporium.
 26622 | Orc:2    | Found Busanur's Distillery.
 27302 | Swamp:1  | Entered Level 1 of the Swamp
 27459 | Swamp:1  | Reached skill level 1 in Ice Magic
 27492 | Swamp:1  | Reached ****** piety under Vehumet
 27816 | Swamp:1  | Reached skill level 15 in Earth Magic
 28998 | Swamp:2  | Reached XP level 17. HP: 90/101 MP: 31/34
 29496 | Swamp:3  | Reached skill level 10 in Fighting
 30150 | Swamp:3  | Noticed Nikola
 30365 | Swamp:3  | Killed Nikola
 30537 | Swamp:3  | Offered knowledge of Orb of Destruction by Vehumet.
 30555 | Swamp:4  | Entered Level 4 of the Swamp
 30641 | Swamp:4  | Reached skill level 5 in Ice Magic
 30651 | Swamp:4  | Noticed filthincarnate's ghost (adept MfHu)
 30702 | Swamp:4  | Killed filthincarnate's ghost
 31976 | Swamp:4  | Got a decaying rune of Zot
 32575 | Elf:1    | Entered Level 1 of the Elven Halls
 32726 | Elf:1    | Noticed Frances
 32739 | Elf:1    | Killed Frances
 32748 | Elf:1    | Offered knowledge of Spellforged Servitor by Vehumet.
 32799 | Elf:1    | Reached XP level 18. HP: 96/107 MP: 5/35
 33394 | Elf:2    | Found a frozen archway.
 33409 | IceCv    | Entered an ice cave
 33757 | IceCv    | Reached skill level 10 in Axes
 33835 | IceCv    | Identified the +9 flail of Impeachment {pain, rC+ rN+++ MR+ Int-3} (You found it in an ice cave)
 34109 | Elf:2    | Reached skill level 16 in Earth Magic
 34196 | Elf:2    | Identified the Incunabulum of Attacks
 34240 | Elf:2    | Found an ancient bone altar of Kikubaaqudgha.
 34265 | Elf:2    | Reached skill level 5 in Evocations
 34285 | Elf:2    | Found a runed gate.
 34285 | Elf:2    | Found a runed gate.
 34286 | Elf:2    | Found a runed gate.
 34353 | Elf:2    | Learned a level 3 spell: Inner Flame
 34702 | Elf:2    | Noticed a deep elf blademaster
 34952 | Elf:2    | Noticed Saint Roka
 35012 | Elf:2    | Killed Saint Roka
 35015 | Elf:2    | Killed a deep elf blademaster
 35443 | Elf:2    | Reached XP level 19. HP: 97/112 MP: 12/37
 35670 | Elf:2    | Offered knowledge of Lehudib's Crystal Spear by Vehumet.
 35670 | Elf:2    | Offered knowledge of Fire Storm by Vehumet.
 35670 | Elf:2    | Offered knowledge of Shatter by Vehumet.
 36161 | Elf:3    | Entered Level 3 of the Elven Halls
 36205 | Elf:3    | Noticed Aizul
 36237 | Elf:3    | Killed Aizul
 36237 | Elf:3    | Reached skill level 10 in Fire Magic
 36353 | Elf:3    | Found a flickering gateway to a bazaar.
 36366 | Bazaar   | Entered a bazaar
 36368 | Bazaar   | Found Worgh's Antique Weapon Boutique.
 36372 | Bazaar   | Found Holl's Armour Boutique.
 36372 | Bazaar   | Found Veradug's Assorted Antiques.
 36373 | Bazaar   | Found Yromanti's Armour Boutique.
 36378 | Bazaar   | Bought a potion of magic for 192 gold pieces
 36378 | Bazaar   | Bought a scroll of identify for 48 gold pieces
 36378 | Bazaar   | Bought a scroll of teleportation for 72 gold pieces
 36378 | Bazaar   | Bought a scroll of teleportation for 72 gold pieces
 36396 | Bazaar   | Bought the +0 pair of gloves of Misanthropy {Dex+5} for 308 gold pieces
 37849 | Elf:3    | Got a scorched iron amulet
 38100 | Elf:3    | Identified the amulet "Qaytypny" {Faith *Slow MR+ Int+5 SInv} (You took it off a deep elf demonologist on level 3 of the Elven Halls)
 38192 | Elf:3    | Learned a level 9 spell: Shatter
 38196 | Elf:3    | Identified Ulopp's Guide on Beguiling
 38236 | Elf:3    | Got a vibrating garnet amulet
 38240 | Elf:3    | Identified the amulet of Loiw {Inacc +Inv Dex+7} (You found it on level 3 of the Elven Halls)
 38678 | Spider:1 | Entered Level 1 of the Spider Nest
 38877 | Spider:1 | Noticed filthincarnate's ghost (adept MfGl)
 38934 | Spider:1 | Reached skill level 10 in Ice Magic
 39256 | Depths:1 | Entered Level 1 of the Depths
 39311 | Depths:1 | Reached XP level 20. HP: 86/118 MP: 31/38
 39902 | Depths:1 | Identified the +0 cloak of Bad Feelings {Dex+4} (You found it on level 1 of the Depths)
 39978 | Depths:1 | Reached skill level 15 in Spellcasting
 40181 | Depths:1 | Noticed a hellephant
 41188 | Depths:1 | Reached skill level 17 in Earth Magic
 41323 | Depths:1 | Killed a hellephant
 41929 | Depths:1 | Found a gateway to Hell.
 42310 | Depths:2 | Found a one-way gate leading to the halls of Pandemonium.
 43475 | Depths:2 | Reached skill level 15 in Conjurations
 43517 | Depths:2 | Found a deep blue altar of Sif Muna.
 43533 | Depths:2 | Reached XP level 21. HP: 96/123 MP: 5/40
 43781 | Depths:2 | Found a gateway to a ziggurat.
 44327 | Orc:2    | Bought a potion of heal wounds for 80 gold pieces
 44327 | Orc:2    | Bought a potion of agility for 64 gold pieces
 44327 | Orc:2    | Bought a potion of resistance for 160 gold pieces
 44327 | Orc:2    | Bought a potion of brilliance for 64 gold pieces
 44327 | Orc:2    | Bought a potion of cancellation for 128 gold pieces
 44327 | Orc:2    | Bought a potion of cancellation for 128 gold pieces
 44468 | D:7      | Bought a potion of curing for 48 gold pieces
 44468 | D:7      | Bought a scroll of fog for 32 gold pieces
 44468 | D:7      | Bought a potion of heal wounds for 80 gold pieces
 44468 | D:7      | Bought a scroll of identify for 32 gold pieces
 44816 | Depths:2 | Got a jewelled helmet
 44827 | Depths:2 | Identified the +2 helmet of the Wasteland {rC+ Regen+ Int+3} (You found it on level 2 of the Depths)
 44875 | Depths:2 | Identified the Papyrus of Calling
 44960 | Depths:2 | Got an ancient bone amulet
 44961 | Depths:2 | Identified the amulet of Starshine {RegenMP rElec rPois MR- Str+8} (You found it on level 2 of the Depths)
 45003 | Depths:2 | Found Ukewaq's Armour Shop.
 45151 | Depths:2 | Found a one-way gate to the infinite horrors of the Abyss.
 45265 | Depths:3 | Reached skill level 10 in Armour
 46127 | Depths:3 | Got a twisted buckler
 46138 | Depths:3 | Identified the +3 buckler of Claustrophobia {rElec Slay+2} (You found it on level 3 of the Depths)
 46558 | Vaults:1 | Entered Level 1 of the Vaults
 47002 | D:13     | Mangled by a small abomination

Skill      XL: |  1  2  3  4  5  6  7  8  9 10 11 12 13 14 15 16 17 18 19 20 21 |
---------------+----------------------------------------------------------------+-----
Earth Magic    | 4 5 6 8 9 10 11 12 13 14 15 16 17 | 17.8
Spellcasting   | 3 4 5 6 7 8 9 10 11 12 13 14 15 | 15.8
Fighting       | 3 5 6 7 8 9 10 | 10.9
Dodging        | 2 4 6 7 8 9 |  9.4
Conjurations   | 7 8 10 11 12 13 15 | 15.6
Armour         | 4 6 7 8 9 10 | 10.3
Poison Magic   | 2 5 |  5.0
Axes           | 2 4 6 7 8 9 10 | 10.2
Necromancy     | 2 |  2.2
Charms         | 4 5 |  5.5
Fire Magic     | 3 5 6 7 8 9 11 12 | 12.4
Evocations     | 1 3 4 5 |  5.4
Shields        | 1 5 |  5.3
Ice Magic      | 2 6 8 10 | 10.1
Polearms       | |  0.1
Stealth        | |  2.1
Transmutations | |  0.7

Action                   |  1- 3 |  4- 6 |  7- 9 | 10-12 | 13-15 | 16-18 | 19-21 || total
-------------------------+-------+-------+-------+-------+-------+-------+-------++-------
Melee: Unarmed           |    12 |       |       |       |       |       |       ||    12
       Mace              |    36 |   123 |    66 |       |       |       |       ||   225
       Flail             |       |       |    49 |       |       |       |       ||    49
       Hand axe          |       |       |    23 |   309 |   651 |  1096 |   885 ||  2964
       Bardiche          |       |       |       |       |     4 |       |       ||     4
 Cast: Sandblast         |    15 |    45 |    33 |    52 |   156 |   203 |   278 ||   782
       Stone Arrow       |     1 |    15 |    55 |   104 |   215 |   263 |   246 ||   899
       Lee's Rapid Decon |       |       |    15 |    20 |    93 |    84 |    91 ||   303
       Mephitic Cloud    |       |       |       |    12 |    74 |    41 |    79 ||   206
       Regeneration      |       |       |       |     6 |    18 |     3 |    22 ||    49
       Sticky Flame      |       |       |       |       |     1 |     6 |     1 ||     8
       Bolt of Magma     |       |       |       |       |    38 |    43 |    49 ||   130
       Iron Shot         |       |       |       |       |     5 |    46 |   112 ||   163
       Freezing Cloud    |       |       |       |       |       |       |    19 ||    19
 Abil: Evoke Invisibilit |       |       |     1 |       |     1 |       |       ||     2
       Fly               |       |       |       |       |     1 |       |     1 ||     2
       Stop Flying       |       |       |       |       |       |       |     1 ||     1
Evoke: Wand              |       |       |       |       |     5 |       |     2 ||     7
  Use: Scroll            |     1 |     6 |     5 |     6 |    10 |    13 |    30 ||    71
       Potion            |     5 |     7 |     2 |     2 |     7 |    10 |    11 ||    44
 Stab: Sleeping          |       |     1 |       |     1 |     3 |     6 |       ||    11
       Invisible         |       |       |     1 |       |       |       |       ||     1
       Confused          |       |       |       |     1 |     9 |    10 |    22 ||    42
       Petrified         |       |       |       |       |     3 |       |       ||     3
       Distracted        |       |       |       |       |     1 |     2 |     2 ||     5
  Eat: Chunk             |     1 |     9 |    17 |    22 |    51 |    58 |    56 ||   214
       Royal jelly       |       |       |       |       |     3 |     1 |     2 ||     6
Armor: Robe              |    20 |    78 |    77 |    21 |       |       |       ||   196
       Leather armour    |       |       |       |   108 |   464 |   679 |   570 ||  1821
Dodge: Dodged            |    29 |   112 |   142 |   195 |   458 |   673 |   551 ||  2160
Block: Other             |       |    26 |    26 |    65 |   141 |       |       ||   258
       Buckler           |       |       |       |       |    26 |   622 |   511 ||  1159
       Reflection        |       |       |       |       |     2 |    23 |    37 ||    62
